 Dungeon Crawl Stone Soup version 0.20.2-3-g29329e0561 (webtiles) character file.

319 Alfie the Shooter (level 6, -2/52 HPs)
             Began as a Minotaur Hunter on June 17, 2020.
             Killed from afar by an electric eel (6 damage)
             ... with a bolt of electricity
             ... on level 4 of the Dungeon.
             The game lasted 00:10:17 (3297 turns).

Alfie the Shooter (Minotaur Hunter)                 Turns: 3297, Time: 00:10:17

Health: -2/52      AC:  6    Str: 18    XL:     6   Next: 21%
Magic:  5/5        EV: 11    Int: 10    God:
Gold:   182        SH:  0    Dex: 11    Spells: 5/5 levels left

rFire    . . .     SeeInvis .   a - +1 shortbow
rCold    . . .     Gourm    .   (shield currently unavailable)
rNeg     . . .     Faith    .   l - +1 ring mail
rPois    .         Spirit   .   (helmet restricted)
rElec    .         Reflect  .   (no cloak)
rCorr    .         Harm     .   (no gloves)
MR       .....     Clarity  +   (no boots)
Stlth    +.........             (no amulet)
Regen    0.2/turn               (no ring)
MPRegen  0.1/turn               (no ring)

@: no status effects
A: retaliatory headbutt, horns 2, clarity, clever 1, evolution 1
a: no special abilities


You were on level 4 of the Dungeon.
You were not hungry.

You visited 1 branch of the dungeon, and saw 4 of its levels.

You collected 182 gold pieces.

Inventory:

Hand Weapons
 a - a +1 shortbow (weapon)
 b - a +1 short sword
Missiles
 d - 13 arrows (quivered)
 e - 13 tomahawks
Armour
 l - a +1 ring mail (worn)
Wands
 m - a wand of flame (26/48)
 r - a wand of flame (31/48)
Scrolls
 c - a scroll of amnesia
 i - a scroll of teleportation {unknown}
 p - a scroll of identify {unknown}
 q - a scroll of remove curse
Potions
 j - a potion of curing {unknown}
 k - a potion of mutation
 n - a potion of agility {unknown}
 o - a potion of might
Books
 h - a book of Cantrips

   Spells                             Type                      Level
   a - Confusing Touch                Hexes                        1
   b - Animate Skeleton               Necromancy                   1
   c - Summon Small Mammal            Summoning                    1
   d - Apportation                    Translocation                1
Comestibles
 f - a bread ration
 g - 3 fruits


   Skills:
 + Level 3.7 Fighting
 + Level 0.2 Short Blades
 + Level 7.0 Bows
 + Level 0.2 Throwing
 + Level 3.2 Armour
 + Level 2.3 Dodging
 + Level 0.7 Stealth


You had 5 spell levels left.
You didn't know any spells.

Dungeon Overview and Level Annotations

Branches:
Dungeon (4/15)
 Temple: D:4-7

Altars:
Ashenzari
Gozag
Nemelex Xobeh
Ru

Annotations:
D:3 Crazy Yiuf
D:4 1 transporter


Innate Abilities, Weirdness & Mutations

You reflexively headbutt those who attack you in melee.
You have a pair of horns on your head.
You possess an exceptional clarity of mind.
Your mind is acute. (Int +2)
You evolve.


Message History

Press: ? - help, Shift-Dir - straight line, f - you Really target yourself?
Okay, then.
There is an open door here.
Firing (i - inventory. (,) - cycle):
d - 14 arrows (quivered)
Press: ? - help, Shift-Dir - straight line, f - electric eel
Aim: an electric eel You shoot an arrow.
The arrow hits the electric eel!
The electric eel is heavily wounded.
You hear a splash.
The electric eel shoots out a bolt of lightning at you!
The bolt of electricity hits you! x2
* * * LOW HITPOINT WARNING * * *
The bolt of electricity hits the plant.
There isn't anything here!
The electric eel shoots out a bolt of lightning at you!
The bolt of electricity hits you!
* * * LOW HITPOINT WARNING * * *
The bolt of electricity hits you!
You die...

##.# #.......<.....# ##.#
#.#######.##.## ##.#
#.........##.# ##.#
#############.# .#.#
............#.# #
.#.#.###############.#.##.#
#.#.#8P#≈≈≈≈((;#P8#.#....#
#...#..#≈≈≈≈≈..#..#...####
#...#©=+≈≈≈⌠≈..@..#©..#
#...#..#P≈≈≈≈..#..#..##
#.#8P#≈≈≈≈(≈;#P8#.## .
#.###############.# .
#.................# #
################### . .


You could see 2 electric eels.

Vanquished Creatures
  An electric eel (D:4)
  3 orc wizards
  Natasha (D:2)
  2 worker ants
  4 gnolls
  An adder (D:3)
  2 worms
  3 dart slugs
  A leopard gecko (D:2)
  5 orcs (D:3)
  A ball python (D:2)
  3 giant cockroaches
  8 goblins
  6 hobgoblins
  A jackal (D:4)
  4 quokkas
  6 bats
  A frilled lizard (D:2)
  9 kobolds
  A quokka skeleton (D:4)
  4 rats
67 creatures vanquished.

Notes
Turn   | Place    | Note
-------+----------+-------------------------------------------
     0 | D:1      | Alfie the Minotaur Hunter began the quest for the Orb.
     0 | D:1      | Reached XP level 1. HP: 18/18 MP: 0/0
   136 | D:1      | Reached XP level 2. HP: 23/25 MP: 1/1
   160 | D:1      | Reached skill level 5 in Bows
   774 | D:2      | Reached XP level 3. HP: 30/30 MP: 2/2
   917 | D:2      | Reached skill level 1 in Armour
  1373 | D:2      | Noticed Natasha
  1379 | D:2      | Killed Natasha
  1447 | D:2      | Reached XP level 4. HP: 38/38 MP: 3/3
  1544 | D:2      | Found a shattered altar of Ashenzari.
  1544 | D:2      | Found a sparkling altar of Nemelex Xobeh.
  1829 | D:3      | Reached skill level 6 in Bows
  1836 | D:3      | Reached XP level 5. HP: 36/45 MP: 4/4
  1879 | D:3      | Found a runed door.
  2035 | D:3      | Gained mutation: You possess an exceptional clarity of mind. [potion of mutation]
  2035 | D:3      | Gained mutation: Your mind is acute. (Int +2) [potion of mutation]
  2035 | D:3      | Gained mutation: You evolve. [potion of mutation]
  2256 | D:3      | Found an opulent altar of Gozag.
  2601 | D:3      | Noticed Crazy Yiuf
  2741 | D:4      | Reached XP level 6. HP: 23/51 MP: 5/5
  2754 | D:4      | Found a sacrificial altar of Ru.
  2880 | D:4      | Found a transporter.
  2896 | D:4      | Found a transporter.
  3151 | D:4      | Reached skill level 7 in Bows
  3297 | D:4      | Killed from afar by an electric eel

Skill      XL: |  1  2  3  4  5  6 |
---------------+-------------------+-----
Bows           | 5 6 7 |  7.0
Armour         | 1 2 3 |  3.2
Fighting       | 3 |  3.7
Short Blades   | |  0.2
Throwing       | |  0.2
Dodging        | |  2.3
Stealth        | |  0.7

Action                   |  1- 3 |  4- 6 || total
-------------------------+-------+-------++-------
Melee: Short sword       |       |    10 ||    10
       Headbutt          |       |     2 ||     2
 Fire: Shortbow          |    71 |   110 ||   181
Throw: Tomahawk          |       |     9 ||     9
  Use: Scroll            |     3 |     3 ||     6
       Potion            |       |     3 ||     3
  Eat: Bread ration      |     1 |       ||     1
       Royal jelly       |       |     1 ||     1
       Fruit             |       |     1 ||     1
Armor: Leather armour    |     1 |       ||     1
       Ring mail         |     4 |    15 ||    19
Dodge: Dodged            |    15 |    29 ||    44
